 Dungeon Crawl Stone Soup version 0.28.0-1-gb440e238dd (webtiles) character file.

Game seed: 9318524644356866680

2533 croobank the Covert (level 9, -8/44 HPs)
             Began as a Felid Delver on Feb 25, 2022.
             Mangled by a basilisk (14 damage)
             ... on level 11 of the Dungeon.
             The game lasted 00:38:00 (11295 turns).

croobank the Covert (Felid Delver)                 Turns: 11295, Time: 00:38:03

Health: -8/44      AC:  2    Str: 14    XL:     9   Next: 30%
Magic:  10/10      EV: 24    Int: 11    God:
Gold:   379        SH:  0    Dex: 18    Spells: 8/8 levels left
                                        Lives:  0   Deaths: 2

rFire   + . .      SeeInvis +     - Unarmed
rCold   . . .      Faith    .   (shield unavailable)
rNeg    . . .      Spirit   .   (armour unavailable)
rPois   .          Reflect  .   (helmet unavailable)
rElec   .          Harm     .   (cloak unavailable)
rCorr   .          Rampage  .   (gloves unavailable)
Will    ++...                   (boots unavailable)
Stlth   +++++.....              (no amulet)
HPRegen 0.14/turn               m - ring of protection from fire
MPRegen 0.12/turn               u - ring of willpower

@: quick
A: very small, claws 1, fangs 3, see invisible, speed 1, shaggy fur 2, stealthy
paws, no weapons or thrown items, no armour, multi-lived, horns 1, strong 1,
wild magic 1
a: no special abilities


You were on level 11 of the Dungeon.
You visited 1 branch of the dungeon, and saw 11 of its levels.

You collected 379 gold pieces.

Inventory:

Missiles
 i - 185 stones
Jewellery
 k - an amulet of regeneration
 m - a ring of protection from fire (left paw)
 o - a ring of flight
 s - a ring of fire
 u - a ring of willpower (right paw)
 v - an amulet of guardian spirit
Wands
 b - a wand of mindburst (1)
 e - a wand of digging (13)
 p - a wand of polymorph (6)
 t - a wand of flame (3)
Scrolls
 a - 2 scrolls of fog
 c - 2 scrolls of fear
 f - a scroll of enchant armour
 g - a scroll of amnesia
 h - a scroll of vulnerability
 l - 3 scrolls of enchant weapon
 r - a scroll of immolation
 w - a scroll of identify
Potions
 d - a potion of curing
 j - 4 potions of flight
 n - a potion of cancellation
 q - a potion of magic


   Skills:
 + Level 7.9 Fighting
 + Level 9.8 Dodging
 + Level 12.2 Stealth
 + Level 7.5 Unarmed Combat


You had 8 spell levels left.
You didn't know any spells.
Your spell library was empty.

Dungeon Overview and Level Annotations

Branches:
Dungeon (11/15)
 Temple: D:4-7         Lair: D:8-11         Orc: D:9-12

Altars:
Elyvilon
Fedhas
Kikubaaqudgha

Shops:
D:4 [

Annotations:
D:5 Blork the orc
D:7 1 runed translucent door


Innate Abilities, Weirdness & Mutations

You have sharp claws.
You have razor-sharp teeth.
You have supernaturally acute eyesight. (SInv)
You cover ground quickly. (Speed+)
You are covered in thick fur. (AC +2)
Your paws help you pounce on unaware monsters.
You are incapable of wielding weapons or throwing items.
You cannot wear armour.
You gain extra lives every three experience levels.
You have a pair of small horns on your head.
Your muscles are strong. (Str +2)
Your spells are a little harder to cast, but a little more powerful.


Message History

The basilisk hisses angrily.
The basilisk gazes at you. You resist with almost no effort.
The basilisk gazes at you.
You are slowing down.
Aiming: Mindburst
Press: ? - help, Shift-Dir - straight line, f - basilisk
Aim: a basilisk (chance to affect: 64%)
The basilisk's mind is blasted!
The basilisk gazes at you. You resist with almost no effort.
Your limbs are stiffening.
Aiming: Throw Flame
Press: ? - help, Shift-Dir - straight line, f/p - basilisk
Aim: a basilisk (moderately wounded, 60% to hit)
The puff of flame hits the basilisk!
The basilisk is severely wounded.
You have turned to stone.
The basilisk bites you! The basilisk bites you. The basilisk bites you! x3
The basilisk gazes at you. You resist with almost no effort.
The basilisk bites you!
* * * LOW HITPOINT WARNING * * *
The basilisk bites you!
* * * LOW HITPOINT WARNING * * *
You turn to flesh and can move again.
Aiming: Throw Flame
Press: ? - help, Shift-Dir - straight line, f/p - basilisk
Aim: a basilisk (severely wounded, 60% to hit)
The puff of flame hits the basilisk.
The basilisk is severely wounded.
The basilisk misses you.
Aiming: Throw Flame
Press: ? - help, Shift-Dir - straight line, f/p - basilisk
Aim: a basilisk (severely wounded, 60% to hit)
The puff of flame hits the basilisk.
The basilisk is severely wounded.
The basilisk bites you!
You die...

#..# #.......
#..# #.....##
#..##### #
#.....#
#......#++#..
...#
#............
#............
#.......##...
#.......##...
#....@.......
#....l.......
#............
#............
#.....#######
#.....#
#......
#......


You could see a basilisk.

Vanquished Creatures
  A manticore (D:9)
  A hornet (D:9)
  A wyvern (D:10)
  A wraith (D:11)
  A yak (D:9)
  2 steam dragons
  Menkaure (D:6)
  A water moccasin (D:6)
  An orc warrior (D:9)
  2 sky beasts
  An ogre (D:7)
  A phantom (D:6)
  2 centaurs
  A kobold brigand (D:9)
  2 scorpions
  A wyvern zombie (D:7)
  4 bullfrogs
  5 killer bees
  10 wights
  An electric eel (D:9)
  A bullfrog zombie (D:6)
  A hound (D:4)
  A centaur skeleton (D:6)
  2 bullfrog skeletons (D:6)
  3 orc priests
  An iguana (D:7)
  A jelly (D:4)
  Natasha (thrice) (D:3)
  4 orc wizards
  A killer bee zombie (D:7)
  A howler monkey skeleton (D:7)
  6 adders
  A shadow imp (D:6)
  An adder skeleton (D:5)
  A worm (D:3)
  19 orcs
  10 ball pythons
  11 endoplasms
  2 giant cockroaches
  12 goblins
  10 hobgoblins
  12 kobolds
  A quokka (D:1)
  4 bats
  2 frilled lizards
  A jackal skeleton (D:4)
  5 rats
157 creatures vanquished.

Vanquished Creatures (others)
  A centaur warrior (D:10)
1 creature vanquished.

Grand Total: 158 creatures vanquished

Notes
Turn   | Place    | Note
-------+----------+-------------------------------------------
     0 | D:5      | croobank the Felid Delver began the quest for the Orb.
     0 | D:5      | Reached XP level 1. HP: 10/10 MP: 2/2
    85 | D:4      | Noticed a jelly
   437 | D:2      | Reached XP level 2. HP: 14/14 MP: 3/3
   976 | D:1      | Reached XP level 3. HP: 17/17 MP: 4/4
  1010 | D:1      | Reached skill level 7 in Stealth
  2178 | D:2      | Found a faded altar of an unknown god.
  2624 | D:3      | Reached XP level 4. HP: 14/21 MP: 5/5
  2793 | D:3      | Found a blossoming altar of Fedhas.
  2794 | D:3      | Found an ancient bone altar of Kikubaaqudgha.
  2819 | D:3      | Noticed Natasha
  2823 | D:3      | Killed Natasha
  3212 | D:3      | Identified the +0 leather armour of Patacw {Str+4}
  3324 | D:3      | Noticed Natasha
  3333 | D:3      | Killed Natasha
  3334 | D:3      | Reached XP level 5. HP: 20/25 MP: 6/6
  3340 | D:3      | Noticed Natasha
  3349 | D:3      | Killed Natasha
  3683 | D:4      | Found a white marble altar of Elyvilon.
  3810 | D:4      | Identified the +5 quarterstaff "Yrosi" {holy, *Noise rElec
                  | Str-2 SInv}
  4012 | D:4      | Found Qercheyrph's Antique Armour Shop.
  4069 | D:4      | Reached skill level 8 in Stealth
  4069 | D:4      | Gained mutation: You are covered in thick fur. (AC +2)
                  | [Felid growth]
  4069 | D:4      | Reached XP level 6. HP: 28/28 MP: 7/7
  4468 | D:5      | Slain by a necrophage
  4469 | D:5      | Reached XP level 5. HP: -1/18 MP: 6/6
  4501 | D:5      | Noticed Blork the orc
  4513 | D:5      | You fall into a shaft and drop 2 floors!
  4528 | D:7      | Noticed a sky beast
  4532 | D:7      | Noticed an ogre
  4542 | D:7      | Reached skill level 5 in Dodging
  4624 | D:7      | Reached XP level 6. HP: 13/29 MP: 7/7
  4633 | D:7      | HP: 1/29 [wyvern zombie (12)]
  4930 | D:6      | Noticed Menkaure
  4934 | D:6      | Killed Menkaure
  5228 | D:6      | Noticed a sky beast
  5234 | D:6      | Killed a sky beast
  5235 | D:6      | Reached skill level 5 in Fighting
  5235 | D:6      | Reached XP level 7. HP: 33/33 MP: 8/8
  5266 | D:6      | Reached skill level 9 in Stealth
  5547 | D:6      | Identified the +3 scale mail "Fotzeabe" {Str+2}
  5861 | D:6      | Reached skill level 5 in Unarmed Combat
  5975 | D:6      | Reached XP level 8. HP: 38/38 MP: 9/9
  6537 | D:7      | Found a runed translucent door.
  6597 | D:7      | Reached skill level 10 in Stealth
  7984 | D:9      | Noticed a hornet
  7987 | D:9      | Killed a hornet
  8067 | D:9      | Reached XP level 9. HP: 23/42 MP: 10/10
  8129 | D:8      | Gained mutation: Your muscles are strong. (Str +2) [potion
                  | of mutation]
  8129 | D:8      | Gained mutation: You have a pair of small horns on your
                  | head. [potion of mutation]
  8129 | D:8      | Gained mutation: Your spells are a little harder to cast,
                  | but a little more powerful. [potion of mutation]
  8847 | D:9      | Reached skill level 11 in Stealth
  9083 | D:9      | Noticed a two-headed ogre
  9644 | D:10     | Entered Level 10 of the Dungeon
  9644 | D:10     | Noticed a centaur warrior
  9649 | D:10     | Noticed a centaur warrior
  9652 | D:10     | Noticed a brown ugly thing
  9652 | D:10     | Killed a centaur warrior
  9655 | D:10     | Slain by a brown ugly thing
  9656 | D:10     | Reached XP level 8. HP: -2/40 MP: 9/9
 10131 | D:9      | HP: 2/40 [wight (9)]
 10556 | D:9      | Noticed a manticore
 10587 | D:9      | Killed a manticore
 10588 | D:9      | Reached skill level 12 in Stealth
 10588 | D:9      | Reached XP level 9. HP: 16/43 MP: 3/10
 10994 | D:10     | Noticed a four-headed hydra
 11025 | D:10     | Noticed a stone giant
 11295 | D:11     | Mangled by a basilisk

Illustrated notes

Levels and vault maps discovered:
D:1:      erik_arrival_orb_chamber, layout_basic
D:2:      layout_loops_ring, basic_ecumenical_altar
D:3:      layout_loops_ring, grunt_temple_overflow_growth_and_decay,
          cheibrodos_sewer_entry_sluice, corexii_shack, glass_columns_a,
          due_unseen_surprise, uniq_natasha
D:4:      corexii_shack_village, layout_basic, elyvilon_altar_4, serial_shops,
          nicolae_stop_n_shop_1, glass_columns_b
D:5:      layout_cave_pools, minmay_temple_entry_mini_moons,
          hangedman_abyss_or_decor_slice, hex_tiny, uniq_crazy_yiuf_cottage,
          uniq_blork_the_orc
D:6:      layout_loops_cross, uniq_menkaure
D:7:      layout_rooms, lightli_church_of_beogh
D:8:      layout_gridville
D:9:      layout_roguey, kennysheep_boxes
D:10:     minmay_chopped_fan, layout_stronghold, lair_entry_dummy,
          minmay_evil_grid
D:11:     layout_gridville, erik_orc_2, st_stairs_8, blue_anna_alchemist

Skill      XL: |  1  2  3  4  5  6  7  8  9 |
---------------+----------------------------+-----
Dodging        | 3 4 5 6 9 |  9.8
Stealth        | 7 8 9 12 11 | 12.2
Unarmed Combat | 3 4 5 7 |  7.5
Fighting       | 4 5 6 7 |  7.9

Action                   |  1- 3 |  4- 6 |  7- 9 || total
-------------------------+-------+-------+-------++-------
Melee: Unarmed           |    90 |   154 |   256 ||   500
       Bite              |     6 |     8 |    25 ||    39
       Punch             |     3 |     5 |     9 ||    17
       Headbutt          |       |       |    23 ||    23
Evoke: Wand              |       |       |    26 ||    26
  Use: Scroll            |     6 |     3 |     9 ||    18
       Potion            |     3 |     5 |     8 ||    16
 Stab: Sleeping          |    20 |    25 |     9 ||    54
       Distracted        |       |     1 |       ||     1
Armor: Skin              |     3 |     7 |    26 ||    36
Dodge: Dodged            |    58 |    88 |   242 ||   388
